 Dungeon Crawl Stone Soup version 0.29.1-13-g9f3cf754e1 (webtiles) character file.

Game seed: 14346445204073740797

1575 suse60 the Fighter (level 9, 0/76 HPs)
             Began as a Formicid Fighter on Jan 26, 2023.
             Was a Believer of Okawaru.
             Slain by a steam dragon (4 damage)
             ... on level 6 of the Dungeon.
             The game lasted 00:35:18 (7561 turns).

suse60 the Fighter (Formicid Fighter)               Turns: 7561, Time: 00:35:19

Health: 0/76       AC:  8    Str: 25      XL:     9   Next: 14%
Magic:  10/10      EV:  9    Int:  8      God:    Okawaru [**....]
Gold:   357        SH:  5    Dex: 12 (13) Spells: 8/8 levels left

rFire   . . .      SeeInvis +   a - +0 war axe
rCold   . . .      Faith    .   c - +0 buckler
rNeg    . . .      Spirit   .   b - +0 scale mail
rPois   .          Reflect  .   (helmet unavailable)
rElec   .          Harm     .   j - +0 cloak
rCorr   .          Rampage  .   (no gloves)
Will    .....                   (no boots)
Stlth   ..........              (no amulet)
HPRegen 0.22/turn               (no ring)
MPRegen 0.12/turn               (no ring)

@: mighty
A: permanent stasis, dig shafts and tunnels, antennae 3, four strong arms
a: Dig, Shaft Self, Renounce Religion, Heroism


You were on level 6 of the Dungeon.
You worshipped Okawaru.
Okawaru was pleased with you.
You visited 2 branches of the dungeon, and saw 7 of its levels.
You also visited: Sewer.

You collected 357 gold pieces.

Inventory:

Hand Weapons
 a - a +0 war axe (weapon)
 i - a +0 sling
Armour
 b - a +0 scale mail (worn)
 c - a +0 buckler (worn)
 j - a +0 cloak (worn)
Jewellery
 h - a ring of protection from cold
 m - a +6 ring of intelligence
 n - a ring of fire
Wands
 k - a wand of flame (11)
Potions
 d - 4 potions of flight
 e - 2 potions of mutation
 g - 2 potions of invisibility {unknown}
 l - 2 potions of cancellation {unknown}
 p - 2 potions of lignification {unknown}
 q - a potion of curing


   Skills:
 - Level 9.0 Fighting
 + Level 7.8 Axes
 - Level 3.2 Armour
 - Level 4.0 Shields
 + Level 1.5 Invocations


You had 8 spell levels left.
You didn't know any spells.
Your spell library contained the following spells:

 Spells                   Type           Power      Damage    Failure   Level
 Sting                    Tmut/Pois      0%         1d3       77%         1
 Poisonous Vapours        Pois/Air       0%         N/A       88%         2
 Olgreb's Toxic Radiance  Pois           0%         N/A       100%        4


Dungeon Overview and Level Annotations

Branches:
Dungeon (6/15)             Temple (1/1) D:4           Sewer (visited)

Altars:
Cheibriados
Dithmenos
Fedhas
Nemelex Xobeh
Okawaru
Qazlal
Sif Muna
Trog
Uskayaw
Wu Jian
Yredelemnul
The Shining One
Lugonu

Portals:
Abyss: D:1

Annotations:
D:6 Pikel


Innate Abilities, Weirdness & Mutations

You cannot be hasted, slowed, berserked, paralysed or teleported.
You can dig through walls and to a lower floor.
You have a pair of large antennae on your head. (SInv)
Your four strong arms can wield two-handed weapons with a shield.


Message History

The ball of steam misses you.
The steam dragon bites you but does no damage.
The steam dragon claws you but does no damage.
You hit the steam dragon but do no damage.
The steam dragon is moderately wounded.
You block the steam dragon's attack. The steam dragon completely misses you.
You closely miss the steam dragon.
The steam dragon is moderately wounded.
The steam dragon closely misses you. x2
You hit the steam dragon but do no damage.
The steam dragon is moderately wounded.
The steam dragon breathes steam at you. The ball of steam hits you!
* * * LOW HITPOINT WARNING * * *
The steam dragon bites you.
* * * LOW HITPOINT WARNING * * *
The steam dragon claws you.
* * * LOW HITPOINT WARNING * * *
You feel better.
The steam dragon bites you but does no damage.
The steam dragon claws you but does no damage.
You feel very mighty all of a sudden.
The steam dragon bites you but does no damage.
You block the steam dragon's attack.
You hit the steam dragon.
The steam dragon is heavily wounded.
The steam dragon breathes steam at you. The ball of steam hits you!
* * * LOW HITPOINT WARNING * * *
The steam dragon bites you but does no damage.
The steam dragon claws you.
* * * LOW HITPOINT WARNING * * *
You hit the steam dragon.
The steam dragon is severely wounded.
You block the steam dragon's attack.
The steam dragon claws you but does no damage.
You slash the steam dragon!
The steam dragon is almost dead.
The steam dragon bites you.
You die...

######## ### .......# ##.##
.....#.#####...##
................##
.................#########
####....#................# #
#....##....§§@#########
####†...###...§D§..))#######
†.......# #....#####)......#
..##..#.# ###...............
#)##..#># ##.#############
........# #.# #>###.### #.
#.# #.# #. #.###.##


You could see a steam dragon (catching breath).

Vanquished Creatures
  Sigmund (D:6)
  Eustachio (D:5)
  2 ogres
  A phantom (D:5)
  A lemure (D:5)
  2 kobold brigands
  2 scorpions
  4 crimson imps (D:1)
  3 quasits (D:1)
  A hound (D:5)
  4 orc priests
  An iron imp (D:1)
  An orc wizard (D:4)
  An iguana (D:5)
  A gnoll (D:1)
  9 adders
  3 shadow imps
  2 white imps
  3 ufetubi
  5 dart slugs
  2 worms
  13 orcs
  9 ball pythons
  3 bats
  7 endoplasms
  A giant cockroach (D:1)
  10 goblins
  9 hobgoblins
  4 jackals
  9 kobolds
  8 quokkas
  7 frilled lizards
  14 rats
144 creatures vanquished.

Vanquished Creatures (others)
  An orc wizard (D:3)
1 creature vanquished.

Grand Total: 145 creatures vanquished

Notes
Turn   | Place    | Note
-------+----------+-------------------------------------------
     0 | D:1      | suse60 the Formicid Fighter began the quest for the Orb.
     0 | D:1      | Reached XP level 1. HP: 18/18 MP: 1/1
    73 | D:1      | Reached XP level 2. HP: 15/24 MP: 2/2
   225 | D:1      | Found a large runed translucent door.
   225 | D:1      | Noticed a crimson imp
   226 | D:1      | Found a large runed translucent door.
   226 | D:1      | Found a one-way gate to the infinite horrors of the Abyss.
   226 | D:1      | Noticed a crimson imp
   228 | D:1      | Noticed a quasit
   229 | D:1      | Noticed a quasit
   230 | D:1      | Found a corrupted altar of Lugonu.
   230 | D:1      | Noticed a crimson imp
   230 | D:1      | Noticed a quasit
   231 | D:1      | Noticed a crimson imp
   371 | D:1      | Reached XP level 3. HP: 29/30 MP: 3/3
   469 | D:1      | Reached skill level 4 in Fighting
  1215 | D:2      | Reached XP level 4. HP: 27/37 MP: 4/4
  2325 | D:3      | Found a hide-covered altar of Uskayaw.
  2521 | D:3      | Reached XP level 5. HP: 43/43 MP: 5/5
  2521 | D:3      | Found a glowing drain.
  2533 | Sewer    | Entered a sewer
  2621 | Sewer    | Noticed a kobold brigand
  2632 | Sewer    | Killed a kobold brigand
  2633 | Sewer    | Reached skill level 5 in Fighting
  2650 | Sewer    | Found a white marble altar of Elyvilon.
  2783 | D:3      | Reached XP level 6. HP: 38/51 MP: 6/6
  2888 | D:3      | Found a shimmering blue altar of Sif Muna.
  3493 | D:3      | Found a faded altar of an unknown god.
  4209 | D:4      | Found a staircase to the Ecumenical Temple.
  4218 | Temple   | Entered the Ecumenical Temple
  4332 | Temple   | Became a worshipper of Warmaster Okawaru
  4639 | D:4      | Reached skill level 6 in Fighting
  4666 | D:4      | Reached skill level 5 in Axes
  4666 | D:4      | Reached XP level 7. HP: 47/58 MP: 7/7
  5463 | D:1      | Reached skill level 7 in Fighting
  5475 | D:1      | Reached XP level 8. HP: 36/67 MP: 8/8
  5831 | D:5      | Entered Level 5 of the Dungeon
  6288 | D:5      | Reached * piety under Okawaru
  6427 | D:5      | Reached skill level 8 in Fighting
  6835 | D:5      | Noticed Eustachio
  6858 | D:5      | Killed Eustachio
  7258 | D:6      | Noticed Pikel
  7319 | D:6      | Noticed Sigmund
  7325 | D:6      | Killed Sigmund
  7325 | D:6      | Reached ** piety under Okawaru
  7326 | D:6      | Reached XP level 9. HP: 75/75 MP: 6/9
  7457 | D:6      | Reached skill level 1 in Invocations
  7466 | D:6      | Reached skill level 9 in Fighting
  7559 | D:6      | HP: 3/76 [steam dragon (3)]
  7561 | D:6      | Slain by a steam dragon

Illustrated notes

Levels and vault maps discovered:
D:1:      erik_arrival_cave_to_civilisation [erik_arrival_cave_to_temple],
          layout_loops_ring
D:2:      layout_basic, minmay_misc_feat_roman, dk_noncrumbling_3
D:3:      layout_loops_ring, led_sif_book, eat_drink_and_be_merry_uskayaw,
          portal_sewer_entry_d, chequers_ecumenical_altar_lobes
D:4:      layout_loops_ring, temple_hall, kennysheep_nub,
          kennysheep_cluttered_room
D:5:      layout_loops_ring, hangedman_decor_diamond_cutter, uniq_eustachio
D:6:      dreamdust_elfheim, layout_loops_ring,
          gammafunk_temple_overflow_statue, st_stairs_11, uniq_sigmund,
          uniq_pikel, uniq_duvessa
Temple:   regret_index_temple_generic_petals

Skill      XL: |  1  2  3  4  5  6  7  8  9 |
---------------+----------------------------+-----
Fighting       | 4 5 6 7 8 9 |  9.0
Axes           | 3 4 5 6 7 |  7.8
Invocations    | 1 |  1.5
Armour         | |  3.2
Shields        | |  4.0

Action                   |  1- 3 |  4- 6 |  7- 9 || total
-------------------------+-------+-------+-------++-------
Melee: War axe           |    87 |   172 |   220 ||   479
 Fire: Sling             |       |     8 |     3 ||    11
Invok: Heroism           |       |       |     1 ||     1
Evoke: Wand              |       |     1 |     7 ||     8
  Use: Scroll            |     3 |     7 |     3 ||    13
       Potion            |       |     1 |    15 ||    16
Armor: Scale mail        |    25 |    68 |   256 ||   349
Dodge: Dodged            |    37 |    64 |   215 ||   316
Block: Buckler           |    23 |    29 |    81 ||   133
